 Dungeon Crawl Stone Soup version 0.21-a0-426-g98080a9 (webtiles) character file.

2475 Dysjunc the Magician (level 9, -17/65 HPs)
             Began as a Gnoll Fire Elementalist on Nov 5, 2017.
             Was an Initiate of Sif Muna.
             Killed from afar by enarc13's ghost (29 damage)
             ... with a stone arrow
             ... on level 6 of the Dungeon.
             The game lasted 00:47:59 (8295 turns).

Dysjunc the Magician (Gnoll Fire Elementalist)      Turns: 8295, Time: 00:48:00

Health: -17/65     AC:  6    Str: 10    XL:     9   Next: 51%
Magic:  33/33      EV: 16    Int: 18    God:    Sif Muna [......]
Gold:   412        SH:  0    Dex: 17    Spells: 0/21 levels left

rFire    + . .     SeeInvis .   w - staff of power
rCold    + . .     Gourm    .   (no shield)
rNeg     . . .     Faith    .   B - +2 robe {rC+ rF+}
rPois    +         Spirit   .   (helmet restricted)
rElec    .         Reflect  .   (no cloak)
rCorr    .         Harm     .   G - +1 pair of gloves
MR       +....     Rnd*Rage +   (no boots)
Stlth    +.........             (no amulet)
HPRegen  0.20/turn              L - ring "Xeebuseh" {+Blink +Fly rPois rF- MR+}
MPRegen  0.23/turn              H - ring of protection from fire

@: confused
A: distributed training, fangs 1, horns 1, berserk 1, blurry vision 1, screaming
1, weak 1, evolution 1, strong nose
a: Renounce Religion, Evoke Blink, Evoke Flight


You were on level 6 of the Dungeon.
You worshipped Sif Muna.
Sif Muna was noncommittal.
You were not hungry.

You visited 2 branches of the dungeon, and saw 8 of its levels.
You also visited: Ossuary.

You collected 412 gold pieces.

Inventory:

Hand Weapons
 f - a +0 short sword
 o - a +0 dagger of protection
 x - a +2 dagger of draining
 A - a +1 dagger of draining
 J - a +1 whip of flaming
Missiles
 e - 31 arrows
 t - 7 tomahawks (quivered)
 C - 200 stones
 F - 2 needles of confusion
Armour
 a - a +0 robe
 m - a +0 plate armour
 q - a +0 chain mail
 B - a +2 robe of resistance (worn)
 E - +0 gold dragon scales
 G - a +1 pair of gloves (worn)
Magical Staves
 w - an uncursed staff of power (weapon)
Jewellery
 D - an uncursed ring of positive energy
 H - a ring of protection from fire (right hand)
 L - the ring "Xeebuseh" (left hand) {+Blink +Fly rPois rF- MR+}
   (You acquired it on level 6 of the Dungeon)

   [ring of protection from magic]

   It makes you vulnerable to fire.
   It protects you from poison.
   It affects your resistance to hostile enchantments.
   It lets you fly.
   It lets you blink.
Wands
 y - a wand of acid (12/15)
 K - a wand of flame (9/48)
Scrolls
 d - 3 scrolls of teleportation
 h - 2 scrolls of remove curse
 k - 3 scrolls of recharging
 n - a scroll of immolation
 p - a scroll of amnesia
 u - a scroll of enchant armour
Potions
 g - a potion of cancellation
 i - 2 potions of resistance
 l - 7 potions of curing
 r - a potion of agility
Books
 b - a book of Flames

   Spells                             Type                      Level
   a - Flame Tongue                   Conjuration/Fire             1
   b - Throw Flame                    Conjuration/Fire             2
   c - Conjure Flame                  Conjuration/Fire             3
   d - Inner Flame                    Hexes/Fire                   3
   e - Sticky Flame                   Conjuration/Fire             4
   f - Fireball                       Conjuration/Fire             5
 z - a book of Air

   Spells                             Type                      Level
   a - Shock                          Conjuration/Air              1
   b - Swiftness                      Charms/Air                   2
   c - Static Discharge               Conjuration/Air              3
   d - Airstrike                      Air                          4
   e - Lightning Bolt                 Conjuration/Air              5
 I - a book of Frost

   Spells                             Type                      Level
   a - Freeze                         Ice                          1
   b - Throw Frost                    Conjuration/Ice              2
   c - Ozocubu's Armour               Charms/Ice                   3
   d - Throw Icicle                   Conjuration/Ice              4
   e - Summon Ice Beast               Ice/Summoning                4
Comestibles
 c - 7 bread rations
 j - 2 royal jellies
 v - 4 fruits
 M - a chunk of flesh


   Skills:
 + Level 4.2 Fighting
 + Level 4.2 Short Blades
 + Level 4.2 Long Blades
 + Level 4.2 Axes
 + Level 4.2 Maces & Flails
 + Level 4.2 Polearms
 + Level 4.2 Staves
 + Level 4.2 Slings
 + Level 4.2 Bows
 + Level 4.2 Crossbows
 + Level 4.2 Throwing
 + Level 4.2 Armour
 + Level 6.3 Dodging
 + Level 6.0 Stealth
 + Level 4.2 Shields
 + Level 4.2 Unarmed Combat
 + Level 6.6 Spellcasting
 + Level 4.1 Conjurations
 + Level 3.5 Hexes
 + Level 3.5 Charms
 + Level 3.5 Summonings
 + Level 3.5 Necromancy
 + Level 3.5 Translocations
 + Level 3.5 Transmutations
 + Level 6.5 Fire Magic
 + Level 3.5 Ice Magic
 + Level 3.5 Air Magic
 + Level 3.5 Earth Magic
 + Level 3.5 Poison Magic
 + Level 4.6 Invocations
 + Level 4.2 Evocations


You couldn't memorise any spells.
You knew the following spells:

 Your Spells              Type           Power        Failure   Level  Hunger
a - Conjure Flame         Conj/Fire      ####....     3%          3    ##.....
b - Sticky Flame          Conj/Fire      ####....     12%         4    ####...
e - Fireball              Conj/Fire      ####......   34%         5    #####..
q - Flame Tongue          Conj/Fire      ####.        1%          1    None
s - Inner Flame           Hex/Fire       ###.....     4%          3    ##.....
w - Throw Flame           Conj/Fire      ####..       1%          2    None
x - Shock                 Conj/Air       ###.         2%          1    None
z - Swiftness             Chrm/Air       ###.....     4%          2    None


Dungeon Overview and Level Annotations

Branches:
Dungeon (7/15)             Temple (1/1) D:6

Altars:
Ashenzari
Cheibriados
Dithmenos
Elyvilon
Fedhas
Hepliaklqana
Kikubaaqudgha
Makhleb
Nemelex Xobeh
Okawaru
Qazlal
Sif Muna
Uskayaw
Vehumet
Wu Jian
Xom
Zin

Annotations:
D:6 enarc13's ghost, novice OpEE


Innate Abilities, Weirdness & Mutations

Your experience applies equally to all skills.
You have very sharp teeth.
Your uncanny sense of smell can sniff out nearby items.
You have a pair of small horns on your head.
You tend to lose your temper in combat.
Scrolls take you a little longer to read.
You occasionally shout uncontrollably at your foes.
You are weak. (Str -2)
You evolve.


Message History

You're too confused!
You closely miss enarc13's ghost.
You bite enarc13's ghost, but do no damage.
Enarc13's ghost is severely damaged.
Enarc13's ghost casts a spell at you. The stone arrow hits you!
* * * LOW HITPOINT WARNING * * *
You miss enarc13's ghost. Your headbutt misses enarc13's ghost.
You bite enarc13's ghost, but do no damage.
Enarc13's ghost is severely damaged.
Enarc13's ghost casts a spell at you. The blast of sand hits you!
* * * LOW HITPOINT WARNING * * *
Enarc13's ghost says, "All of the earth is under my command."
Enarc13's ghost casts a spell at you. You resist with almost no effort.
You bump into the rock wall.
Enarc13's ghost stares at you and mumbles some strange words.
The stone arrow hits you!
You die...

............# #..## #.......#
............# ##...###........#
......[.....###..............#.#
.................######.....####
.............#...# ##.####
.............##.## #.#
.............###########.#
.........[...# ##........#
.............###@.W.....## ###
.............##...####### #.#
......)......#....### #.#
....................###### ##.#
...................#.....##
##.##
.............##......#....###.##
.............###..##...##..#.##
.............##..####.####..##
............[##.##..#'#..##.#


You could see enarc13's ghost.

Vanquished Creatures
  Pikel (D:6)
  A troll (D:6)
  Sigmund (D:4)
  Eustachio (D:6)
  A sky beast (D:6)
  3 ogres
  A centaur (D:6)
  A crocodile (D:7)
  2 bullfrogs
  A howler monkey (D:4)
  2 centaur zombies (Ossuary)
  2 crimson imps
  A human zombie (Ossuary)
  A quasit (D:4)
  3 hounds
  3 orc wizards
  2 iguanas (D:4)
  Jessica (D:2)
  4 worker ants
  2 big kobold zombies (Ossuary)
  3 hound zombies (Ossuary)
  A hound skeleton (D:5)
  3 mummies (Ossuary)
  8 adders
  2 oozes
  4 adder zombies (Ossuary)
  4 worms
  3 dart slugs
  5 leopard geckos
  11 orcs (D:4)
  A ball python (D:4)
  6 bats
  5 giant cockroaches
  4 goblins
  8 hobgoblins
  10 jackals
  3 kobolds
  4 quokkas
  6 frilled lizards
  A gnoll zombie (Ossuary)
  A goblin zombie (Ossuary)
  2 hobgoblin zombies (Ossuary)
  2 jackal zombies (Ossuary)
  4 kobold zombies (Ossuary)
  6 quokka zombies (Ossuary)
  24 rats
  5 rat zombies (Ossuary)
170 creatures vanquished.

Vanquished Creatures (others)
  3 slaves (D:6)
  An orc warrior (D:6)
  A crimson imp (D:6)
  An orc (D:6)
6 creatures vanquished.

Grand Total: 176 creatures vanquished

Notes
Turn   | Place    | Note
-------+----------+-------------------------------------------
     0 | D:1      | Dysjunc the Gnoll Fire Elementalist began the quest for the Orb.
     0 | D:1      | Reached XP level 1. HP: 13/13 MP: 6/6
   213 | D:1      | Reached XP level 2. HP: 19/19 MP: 4/7
   400 | D:1      | Learned a level 2 spell: Throw Flame
   707 | D:2      | Reached XP level 3. HP: 25/25 MP: 6/9
   737 | D:2      | Reached skill level 5 in Spellcasting
   745 | D:2      | Learned a level 3 spell: Conjure Flame
   749 | D:2      | Learned a level 3 spell: Inner Flame
   959 | D:2      | Found a hide-covered altar of Uskayaw.
   995 | D:2      | Reached skill level 1 in Invocations
  1348 | D:2      | Reached skill level 1 in Fighting
  1348 | D:2      | Reached skill level 1 in Short Blades
  1348 | D:2      | Reached skill level 1 in Long Blades
  1348 | D:2      | Reached skill level 1 in Axes
  1348 | D:2      | Reached skill level 1 in Maces & Flails
  1348 | D:2      | Reached skill level 1 in Polearms
  1348 | D:2      | Reached skill level 1 in Staves
  1348 | D:2      | Reached skill level 1 in Slings
  1348 | D:2      | Reached skill level 1 in Bows
  1348 | D:2      | Reached skill level 1 in Crossbows
  1348 | D:2      | Reached skill level 1 in Throwing
  1348 | D:2      | Reached skill level 1 in Armour
  1348 | D:2      | Reached skill level 1 in Shields
  1348 | D:2      | Reached skill level 1 in Unarmed Combat
  1348 | D:2      | Reached skill level 1 in Evocations
  1348 | D:2      | Reached XP level 4. HP: 32/32 MP: 6/11
  1678 | D:2      | Noticed Jessica
  1680 | D:2      | Killed Jessica
  1680 | D:2      | Reached skill level 1 in Hexes
  1680 | D:2      | Reached skill level 1 in Charms
  1680 | D:2      | Reached skill level 1 in Summonings
  1680 | D:2      | Reached skill level 1 in Necromancy
  1680 | D:2      | Reached skill level 1 in Translocations
  1680 | D:2      | Reached skill level 1 in Transmutations
  1680 | D:2      | Reached skill level 1 in Ice Magic
  1680 | D:2      | Reached skill level 1 in Air Magic
  1680 | D:2      | Reached skill level 1 in Earth Magic
  1680 | D:2      | Reached skill level 1 in Poison Magic
  2001 | D:2      | Reached XP level 5. HP: 37/37 MP: 5/12
  2467 | D:3      | Found a burning altar of Makhleb.
  2474 | D:3      | Found a glowing silver altar of Zin.
  2474 | D:3      | Noticed an angel
  2475 | D:3      | Noticed a green death
  3390 | D:4      | Found a sand-covered staircase.
  3400 | Ossuary  | Entered an ossuary
  3489 | Ossuary  | Reached XP level 6. HP: 44/44 MP: 0/13
  3825 | Ossuary  | Reached skill level 5 in Dodging
  4356 | Ossuary  | Reached XP level 7. HP: 43/50 MP: 11/15
  4513 | Ossuary  | Gained mutation: You are frail. (-10% HP) [potion of mutation]
  4513 | Ossuary  | Gained mutation: You have a pair of small horns on your head. [potion of mutation]
  4513 | Ossuary  | Gained mutation: You have an increased reservoir of magic. (+10% MP) [potion of mutation]
  4513 | Ossuary  | Gained mutation: You have large cloven feet. [potion of mutation]
  4514 | Ossuary  | Lost mutation: You have a pair of small horns on your head. [potion of mutation]
  4514 | Ossuary  | Lost mutation: You have large cloven feet. [potion of mutation]
  4514 | Ossuary  | Lost mutation: You are frail. (-10% HP) [potion of mutation]
  4514 | Ossuary  | Lost mutation: You have an increased reservoir of magic. (+10% MP) [potion of mutation]
  4514 | Ossuary  | Gained mutation: You are weak. (Str -2) [potion of mutation]
  4514 | Ossuary  | Lost mutation: You are weak. (Str -2) [potion of mutation]
  4514 | Ossuary  | Gained mutation: Your muscles are strong. (Str +2) [potion of mutation]
  4515 | Ossuary  | Lost mutation: Your muscles are strong. (Str +2) [potion of mutation]
  4515 | Ossuary  | Gained mutation: You have a pair of small horns on your head. [potion of mutation]
  4515 | Ossuary  | Gained mutation: You evolve. [potion of mutation]
  4909 | D:4      | Noticed Sigmund
  4971 | D:4      | Learned a level 5 spell: Fireball
  5387 | D:4      | Killed Sigmund
  5387 | D:4      | Reached skill level 5 in Stealth
  5747 | D:4      | Reached XP level 8. HP: 57/57 MP: 7/16
  5961 | D:4      | Found a sparkling altar of Nemelex Xobeh.
  6033 | D:5      | Entered Level 5 of the Dungeon
  6406 | D:5      | Gained mutation: You are weak. (Str -2) [evolution]
  6756 | D:6      | Found a hazy altar of Hepliaklqana.
  6802 | D:6      | Found a staircase to the Ecumenical Temple.
  6803 | D:6      | Noticed a troll
  6812 | D:6      | Learned a level 4 spell: Sticky Flame
  6826 | D:6      | Killed a troll
  6982 | Temple   | Entered the Ecumenical Temple
  6995 | Temple   | Became a worshipper of Sif Muna the Loreminder
  7093 | D:6      | Noticed enarc13's ghost (novice OpEE)
  7135 | D:6      | Noticed Pikel
  7457 | D:6      | Reached XP level 9. HP: 65/65 MP: 9/18
  7485 | D:6      | Learned a level 1 spell: Shock
  7525 | D:6      | Killed Pikel
  7757 | D:6      | Identified 3 scrolls of acquirement
  7763 | D:6      | Got a steaming lead ring
  7765 | D:6      | Identified the ring "Xeebuseh" {+Blink +Fly rPois rF- MR+} (You acquired it on level 6 of the Dungeon)
  7771 | D:6      | Learned a level 2 spell: Swiftness
  7830 | D:6      | Noticed Eustachio
  7844 | D:6      | Killed Eustachio
  7926 | D:6      | Found a sparkling altar of Nemelex Xobeh.
  7976 | D:6      | Gained mutation: Scrolls take you a little longer to read. [mutagenic meat]
  7978 | D:6      | Gained mutation: You tend to lose your temper in combat. [mutagenic meat]
  7979 | D:6      | Gained mutation: You occasionally shout uncontrollably at your foes. [mutagenic meat]
  8083 | D:6      | Found a snail-covered altar of Cheibriados.
  8295 | D:6      | Killed from afar by enarc13's ghost

Vault maps used:
D:1:      mrwooster_arrival_statue, st_stairs_13
D:2:      wad_crossroads, eat_drink_and_be_merry_uskayaw, minmay_rat_hole,
          uniq_jessica
D:3:      grunt_temple_overflow_order_and_chaos_2
D:4:      first_bread, chequers_ossuary_entry_cave, nemelex_dance_club_becter,
          uniq_sigmund
D:6:      slow_altar_2, lemuel_crystal_altar, minmay_temple_entry_large_hall,
          nemelex_lonely_heart_becter, uniq_pikel, uniq_eustachio
D:7:      yredelemnul_altar_generic, lemuel_coloured_pillars_altar,
          grunt_ogre_cave
Temple:   nicolae_temple_x_marks_the_god
Ossuary:  minmay_ossuary_two_tombs

Skill      XL: |  1  2  3  4  5  6  7  8  9 |
---------------+----------------------------+-----
Conjurations   | 2 3 4 |  4.1
Spellcasting   | 5 6 |  6.6
Invocations    | 1 2 3 4 |  4.6
Fighting       | 1 2 3 4 |  4.2
Short Blades   | 1 2 3 4 |  4.2
Long Blades    | 1 2 3 4 |  4.2
Axes           | 1 2 3 4 |  4.2
Maces & Flails | 1 2 3 4 |  4.2
Polearms       | 1 2 3 4 |  4.2
Staves         | 1 2 3 4 |  4.2
Slings         | 1 2 3 4 |  4.2
Bows           | 1 2 3 4 |  4.2
Crossbows      | 1 2 3 4 |  4.2
Throwing       | 1 2 3 4 |  4.2
Armour         | 1 2 3 4 |  4.2
Shields        | 1 2 3 4 |  4.2
Unarmed Combat | 1 2 3 4 |  4.2
Evocations     | 1 2 3 4 |  4.2
Hexes          | 1 2 3 |  3.5
Charms         | 1 2 3 |  3.5
Summonings     | 1 2 3 |  3.5
Necromancy     | 1 2 3 |  3.5
Translocations | 1 2 3 |  3.5
Transmutations | 1 2 3 |  3.5
Ice Magic      | 1 2 3 |  3.5
Air Magic      | 1 2 3 |  3.5
Earth Magic    | 1 2 3 |  3.5
Poison Magic   | 1 2 3 |  3.5
Dodging        | 5 6 |  6.3
Stealth        | 5 6 |  6.0
Fire Magic     | 6 |  6.5

Action                   |  1- 3 |  4- 6 |  7- 9 || total
-------------------------+-------+-------+-------++-------
Melee: Short sword       |    21 |       |       ||    21
       Bite              |     2 |    12 |    20 ||    34
       Dagger            |       |   105 |   133 ||   238
       Punch             |       |     1 |       ||     1
       Headbutt          |       |       |    23 ||    23
       Staff             |       |       |     8 ||     8
Throw: Stone             |       |     1 |       ||     1
       Tomahawk          |       |       |     4 ||     4
 Cast: Flame Tongue      |    16 |    62 |    78 ||   156
       Throw Flame       |    19 |    62 |    44 ||   125
       Conjure Flame     |     1 |     3 |     3 ||     7
       Inner Flame       |       |     4 |       ||     4
       Fireball          |       |       |     5 ||     5
       Sticky Flame      |       |       |     1 ||     1
       Shock             |       |       |    55 ||    55
  Use: Scroll            |       |    18 |     5 ||    23
       Potion            |       |     2 |     5 ||     7
 Stab: Sleeping          |     5 |     5 |     6 ||    16
  Eat: Chunk             |     1 |     7 |    10 ||    18
       Meat ration       |       |     1 |     2 ||     3
Armor: Robe              |     3 |    15 |    40 ||    58
Dodge: Dodged            |    24 |   100 |   134 ||   258

Table legend:
 A = Spawn XP
 B = Non-spawn XP
 C = Spawn XP percentage of total XP
 D = Spawn monster count
 E = Non-spawn monster count
 F = Spawn count percentage of total count
 G = Total turns spent on level
                    A         B        C        D         E        F      G
               +---------+---------+-------+---------+---------+-------+---------
         Total |       0 |    3536 |   0.0 |       0 |     170 |   0.0 |  8295
               +---------+---------+-------+---------+---------+-------+---------
           D:1 |       0 |      33 |   0.0 |       0 |      16 |   0.0 |   706
           D:2 |       0 |     152 |   0.0 |       0 |      49 |   0.0 |  1761
           D:3 |       0 |      31 |   0.0 |       0 |       9 |   0.0 |   738
           D:4 |       0 |     824 |   0.0 |       0 |      30 |   0.0 |  1708
           D:5 |       0 |     202 |   0.0 |       0 |      12 |   0.0 |   472
           D:6 |       0 |    1663 |   0.0 |       0 |      14 |   0.0 |  1484
           D:7 |       0 |     282 |   0.0 |       0 |       4 |   0.0 |   260
       Ossuary |       0 |     349 |   0.0 |       0 |      36 |   0.0 |  1120
               +---------+---------+-------+---------+---------+-------+---------
